 Dungeon Crawl Stone Soup version 0.29-a0-384-g6960b1960d (webtiles) character file.

Game seed: 78361268010277105

83 bastard the Magician (level 4, -1/31 HPs)
             Began as a Djinni Fire Elementalist on May 6, 2022.
             Killed from afar by Natasha (2 damage)
             ... with a puff of flame
             ... on level 2 of the Dungeon.
             The game lasted 00:04:40 (1780 turns).

bastard the Magician (Djinni Fire Elementalist)     Turns: 1780, Time: 00:04:41

Health: -1/31      AC:  3    Str:  7    XL:     4   Next: 71%
Gold:   128        EV: 12    Int: 18    God:
                   SH:  0    Dex: 14

rFire   + + .      SeeInvis .   (no weapon)
rCold   x . .      Faith    .   (no shield)
rNeg    . . .      Spirit   .   a - +0 robe
rPois   ∞          Reflect  .   (no helmet)
rElec   .          Harm     .   (no cloak)
rCorr   .          Rampage  .   d - +0 pair of gloves
Will    .....                   (boots unavailable)
Stlth   ++........              (no amulet)
HPRegen 0.10/turn               (no ring)
MPRegen 0.00/turn               (no ring)

@: flying
A: sickness immunity, fire resistance 2, cold vulnerability 1, float, innate
caster, HP casting, extra vitality 1
a: no special abilities


You were on level 2 of the Dungeon.
You visited 1 branch of the dungeon, and saw 2 of its levels.

You collected 128 gold pieces.

Inventory:

Armour
 a - a +0 robe (worn)
 d - a +0 pair of gloves (worn)
Scrolls
 b - a scroll of identify {unknown}
 e - a scroll of magic mapping


   Skills:
 - Level 2.6 Dodging
 - Level 2.0 Stealth
 + Level 3.7 Spellcasting


You couldn't memorise any spells.
You knew the following spells:

 Your Spells              Type           Power      Damage    Failure   Level
a - Foxfire               Conj/Fire      64%        2x1d7     3%          1
b - Scorch                Fire           32%        2d6       4%          2
c - Conjure Flame         Conj/Fire      16%        6-21      10%         3
d - Inner Flame           Hex/Fire       16%        N/A       10%         3
e - Flame Wave            Conj/Fire      16%        2d6       32%         4
f - Freeze                Ice            64%        1d8       3%          1
Your spell library was empty.

Dungeon Overview and Level Annotations

Branches:
Dungeon (2/15)

Altars:

Shops:
D:1 *

Annotations:
D:2 Natasha, Terence


Innate Abilities, Weirdness & Mutations

You are immune to sickness and miasma.
You are immune to poison.
Your flesh is very heat resistant. (rF++)
You are vulnerable to cold. (rC-)
You float through the air rather than walking.
You learn spells naturally, not from books.
Your magical power is your life essence.
You have superior vitality. (+4 MHP)


Message History

You conjure some foxfire!
The foxfire hits the crimson imp but does no damage.
The foxfire hits the crimson imp.
The crimson imp completely resists.
Natasha claws you. The crimson imp hits you.
Unknown command.
Casting: Foxfire (safe; 3% risk of failure)
Confirm with . or Enter, or press ? or * to list all spells.
You conjure some foxfire!
* * * LOW HITPOINT WARNING * * *
The foxfire hits the crimson imp.
The crimson imp completely resists.
Natasha claws you but does no damage.
The crimson imp blinks!
Casting: Foxfire (safe; 3% risk of failure)
Confirm with . or Enter, or press ? or * to list all spells.
You conjure some foxfire!
* * * LOW HITPOINT WARNING * * *
The foxfire hits Natasha but does no damage.
Natasha is severely wounded.
The foxfire hits Natasha.
Natasha is almost dead.
The foxfire hits the iron imp but does no damage.
Natasha claws you.
* * * LOW HITPOINT WARNING * * *
The foxfire hits the iron imp.
The iron imp completely resists.
Natasha zaps a wand.
The puff of flame hits you. You resist.
* * * LOW HITPOINT WARNING * * *
Unknown command.
You aren't carrying any potions.
Okay, then.
Casting: Foxfire (safe; 3% risk of failure)
Confirm with . or Enter, or press ? or * to list all spells.
You don't have enough health to cast this spell.
Casting: Foxfire (safe; 3% risk of failure)
Confirm with . or Enter, or press ? or * to list all spells.
You conjure some foxfire!
* * * LOW HITPOINT WARNING * * *
The crimson imp attacks as you move away!
The crimson imp barely misses you.
The foxfire hits the crimson imp but does no damage. x2
Natasha zaps a wand.
The puff of flame hits you. You resist.
You die...

****,,,,,,,,,,,..#
#.#,********#.# #.#,*
#.# #.#,**### #.#
#.#,,,..# #.#
#.#***#.# #.##
#######.# #.# ##..#
#.....#.### #.# ##.#.#
#.###@#5.)###.###.###.
#.# #§.5...÷.÷.....#..
#÷###§#h...÷...#......
#.....#######..#.##.##
###.### #..#.##.##
#..# #..#.##.## ##.#
###..#>##.## #.#
#........... #[#
#.#..#.#....


You could see Natasha and a crimson imp (summoned).

Vanquished Creatures
  Natasha (D:2)
  A gnoll (D:1)
  An adder (D:2)
  4 dart slugs (D:1)
  3 bats
  2 endoplasms (D:1)
  2 giant cockroaches (D:2)
  2 goblins
  2 hobgoblins (D:2)
  2 kobolds (D:1)
  2 quokkas
  2 ball pythons
  6 frilled lizards
  4 rats
34 creatures vanquished.

Vanquished Creatures (collateral kills)
  3 foxfires (D:1)
3 creatures vanquished.

Vanquished Creatures (others)
  104 foxfires
104 creatures vanquished.

Grand Total: 141 creatures vanquished

Notes
Turn   | Place    | Note
-------+----------+-------------------------------------------
     0 | D:1      | bastard the Djinni Fire Elementalist began the quest for
                  | the Orb.
     0 | D:1      | Reached XP level 1. HP: 15/15 MP: 0/0
    48 | D:1      | Reached XP level 2. HP: 6/21 MP: 0/0
   407 | D:1      | Reached XP level 3. HP: 22/25 MP: 0/0
   407 | D:1      | Learned a level 1 spell: Freeze
   540 | D:1      | Found a faded altar of an unknown god.
   669 | D:1      | Reached skill level 3 in Spellcasting
   741 | D:1      | Found Ulluij's General Store.
  1211 | D:2      | Noticed Terence
  1215 | D:2      | Noticed Natasha
  1521 | D:2      | Reached XP level 4. HP: 27/31 MP: 0/0
  1527 | D:2      | Killed Natasha
  1763 | D:2      | Noticed Natasha
  1780 | D:2      | Killed from afar by Natasha

Illustrated notes

Levels and vault maps discovered:
D:1:      dpeg_arrival_stone_temple_mockup, layout_basic, serial_shops,
          nicolae_shop_stone, shapermc_ecumenical_altar_rom_forum
D:2:      layout_loops_ring, serial_shops, shop, uniq_natasha, uniq_terence

Skill      XL: |  1  2  3 |
---------------+----------+-----
Stealth        | 2 |  2.0
Spellcasting   | 3 |  3.7
Dodging        | |  2.6

Action                   |  1- 3 |  4- 6 || total
-------------------------+-------+-------++-------
Melee: Unarmed           |     6 |       ||     6
 Cast: Foxfire           |    43 |    25 ||    68
       Scorch            |     1 |       ||     1
  Use: Scroll            |     2 |     2 ||     4
       Potion            |     2 |       ||     2
Armor: Robe              |     3 |     2 ||     5
Dodge: Dodged            |    13 |     4 ||    17

Table legend: (Time is in decaauts)
 A = Elapsed time spent in this place.
 B = Non-inter-level travel time spent in this place.
 C = Inter-level travel time spent in this place.
 D = Time resting spent in this place.
 E = Time spent auto-exploring this place.
 F = Levels seen in this place.
 G = Mean time per level.
                   A        B        C        D        E       F      G
               +--------+--------+--------+--------+--------+-----+--------+
         Total |   1791 |   1745 |     46 |      0 |   1529 |   2 |  895.5 |
       Dungeon |   1791 |   1745 |     46 |      0 |   1529 |   2 |  895.5 |
               +--------+--------+--------+--------+--------+-----+--------+

Top non-repeatable levels by time:
     D:1: 1116 daAuts
     D:2: 675 daAuts
